 Dungeon Crawl Stone Soup version 0.31-a0-198-g2ad674f65e (webtiles) character file.

Game seed: 3615375891844893256

225 qw the Skirmisher (level 5, -1/29 HPs)
             Began as a Deep Elf Hunter on June 25, 2023.
             Killed from afar by a steam dragon (10 damage)
             ... with a ball of steam
             ... on level 5 of the Dungeon.
             The game lasted 00:00:38 (1821 turns).

qw the Skirmisher (Deep Elf Hunter)                 Turns: 1821, Time: 00:00:38

Health: -1/29      AC:  8    Str: 10    XL:     5   Next: 68%
Magic:  7/7        EV:  9    Int: 14    God:
Gold:   164        SH:  0    Dex: 18    Spells: 4/4 levels left

rFire   . . .        Y - +0 shortbow
rCold   . . .        (shield currently unavailable)
rNeg    . . .        f - +0 scale mail
rPois   .            (no helmet)
rElec   .            b - +1 cloak
rCorr   .            (no gloves)
SInv    .            (no boots)
Will    .....        (no amulet)
Stlth   +            (no ring)
HPRegen 0.24/turn    (no ring)
MPRegen 0.10/turn

%: no passive effects
@: no status effects
A: no striking features
a: no special abilities


You were on level 5 of the Dungeon.
You visited 1 branch of the dungeon, and saw 5 of its levels.

You collected 164 gold pieces.


   Skills:
 - Level 1.5 Fighting
 - Level 9.2 Ranged Weapons
 + Level 0.1 Armour
 - Level 2.4 Dodging
 - Level 1.2 Stealth


You had 4 spell levels left.
You didn't know any spells.
Your spell library was empty.

Inventory:

Hand Weapons
 Y - a +0 shortbow (weapon)
Armour
 b - a +1 cloak (worn)
 c - a +1 helmet
 f - a +0 scale mail (worn)
Scrolls
 a - 2 scrolls of identify
Potions
 d - a potion of might
 e - a potion of heal wounds
 i - a potion of cancellation {unknown}
 j - a potion of curing {unknown}

Dungeon Overview and Level Annotations

Branches:
Dungeon (6/15)
 Temple: D:4-7

Altars:


Message History

You hear an angry hiss.
The jackal bites you but does no damage.
The jackal closely misses you.
You shoot an arrow. The arrow hits the jackal.
You kill the jackal!
A steam dragon comes into view.
You shoot an arrow. The arrow hits the jackal!
You kill the jackal!
You shoot an arrow. The arrow hits the steam dragon.
The steam dragon is lightly wounded.
A jackal comes into view.
You shoot an arrow.
The arrow closely misses the steam dragon.
The steam dragon breathes steam at you. The ball of steam misses you.
1815 ||| Stepping ~*~*~tactically~*~*~ (cloud).
A steam dragon is nearby!
You shoot an arrow. The arrow hits the steam dragon!
The steam dragon is moderately wounded.
You shoot an arrow. The arrow hits the steam dragon!
The steam dragon is heavily wounded.
The steam dragon breathes steam at you. The ball of steam hits you!
You shoot an arrow.
The arrow closely misses the steam dragon.
You hear the brisk rusting of a very distant drain.
You are engulfed in a cloud of scalding steam.
The steam dragon barely misses you. The steam dragon claws you.
You shoot an arrow. The arrow hits the steam dragon.
The steam dragon is heavily wounded.
An ice beast comes into view.
The steam dragon bites you.
The steam dragon claws you but does no damage.
You shoot an arrow. The arrow hits the steam dragon.
The steam dragon is severely wounded.
The steam dragon closely misses you.
The steam dragon claws you but does no damage.
The steam dragon breathes steam at you. The ball of steam hits you!
You die...

#. # #. . #. ###
#.#. ###.#### #.#.
#......## #Y¤
#.......#
#%##....#..#
#hD...##..#######
#.##@............#
#.#
#...##..#####.#
#.# #..¤.../# ##
#....#.##
##....¤.# ....#
##.......## ...
#.........# ...
+.........+ ...
#.........#


You could see a steam dragon (catching breath), an ice beast and a jackal.

Vanquished Creatures
  A black bear (D:5)
  A scorpion (D:5)
  3 adders
  A dart slug (D:3)
  2 orcs
  2 ball pythons
  An endoplasm (D:2)
  A giant cockroach (D:2)
  4 goblins
  5 hobgoblins
  6 jackals
  3 quokkas
  3 bats
  2 frilled lizards (D:1)
  6 rats
41 creatures vanquished.

Vanquished Creatures (others)
  A hound (D:6)
1 creature vanquished.

Grand Total: 42 creatures vanquished

Notes
Turn   | Place    | Note
-------+----------+-------------------------------------------
     0 | D:1      | qw the Deep Elf Hunter began the quest for the Orb.
     0 | D:1      | Reached XP level 1. HP: 12/12 MP: 3/3
     0 | D:1      | 0 ||| qw: Version: 0.3-a-22-g0ed2b0b
     0 | D:1      | 0 ||| qw: Game counter: 5431
     0 | D:1      | 0 ||| qw: Melee chars always use a shield: true
     0 | D:1      | 0 ||| qw: God list: Okawaru
     0 | D:1      | 0 ||| qw: Allow faded altars: false
     0 | D:1      | 0 ||| qw: Do Orc after clearing Dungeon:15 true
     0 | D:1      | 0 ||| qw: Do second Lair branch before Depths: true
     0 | D:1      | 0 ||| qw: Lair rune preference: random
     0 | D:1      | 0 ||| qw: Goals: Normal
     0 | D:1      | 0 ||| PLANNING D:1-11
   140 | D:1      | Reached skill level 6 in Ranged Weapons
   140 | D:1      | Reached XP level 2. HP: 16/16 MP: 4/4
   585 | D:1      | 585 ||| READING 2 scrolls labelled INASAMU JEISCHI.
   586 | D:1      | 586 ||| DRINKING 2 murky puce potions.
   587 | D:1      | 587 ||| DROPPING scroll of butterflies.
   766 | D:2      | 766 ||| FLEEEEING.
   767 | D:2      | 767 ||| FLEEEEING.
   768 | D:2      | 768 ||| FLEEEEING.
   776 | D:2      | 776 ||| FLEEEEING.
   777 | D:2      | 777 ||| FLEEEEING.
   783 | D:2      | 783 ||| FLEEEEING.
   784 | D:2      | 784 ||| FLEEEEING.
   785 | D:2      | 785 ||| FLEEEEING.
   786 | D:2      | 786 ||| FLEEEEING.
   787 | D:2      | 787 ||| FLEEEEING.
   788 | D:2      | 788 ||| FLEEEEING.
   838 | D:2      | Reached XP level 3. HP: 20/20 MP: 5/5
   945 | D:2      | Reached skill level 7 in Ranged Weapons
  1125 | D:2      | Identified the +1 hand axe of Zin's Indignation {venom,
                  | *Slow +Blink Fly rF+ rN+}
  1141 | D:2      | 1141 ||| UPGRADING to +1 cloak.
  1146 | D:2      | 1146 ||| READING scroll labelled USORAO QOUKHLE.
  1230 | D:2      | 1230 ||| UPGRADING to +0 scale mail.
  1240 | D:2      | 1240 ||| DROPPING +0 leather armour.
  1351 | D:2      | 1351 ||| READING scroll labelled ZIKHLO MOACU.
  1352 | D:2      | 1352 ||| READING scroll labelled QAUTU LYOKLOY.
  1357 | D:2      | 1357 ||| READING 2 scrolls of identify.
  1357 | D:2      | 1357 ||| IDENTIFYING dark potion
  1478 | D:3      | You fall into a shaft and drop 3 floors!
  1513 | D:6      | Reached XP level 4. HP: 25/25 MP: 6/6
  1513 | D:6      | 1513 ||| READING 3 scrolls labelled HUWNEA ESTRALL.
  1514 | D:6      | 1514 ||| READING 2 scrolls of identify.
  1514 | D:6      | 1514 ||| IDENTIFYING pink potion
  1515 | D:6      | 1515 ||| DROPPING 2 scrolls of fear.
  1516 | D:6      | 1516 ||| DROPPING potion of invisibility.
  1523 | D:5      | Entered Level 5 of the Dungeon
  1523 | D:5      | Noticed a black bear
  1524 | D:5      | 1524 ||| PLANNING SEWER
  1533 | D:5      | Killed a black bear
  1534 | D:5      | Reached skill level 8 in Ranged Weapons
  1534 | D:5      | Reached XP level 5. HP: 8/29 MP: 7/7
  1654 | D:5      | HP: 6/29 [poisoned by a scorpion]
  1655 | D:5      | Reached skill level 9 in Ranged Weapons
  1659 | D:5      | HP: 2/29 [poisoned by a scorpion]
  1811 | D:5      | Noticed a steam dragon
  1815 | D:5      | 1815 ||| Stepping ~*~*~tactically~*~*~ (cloud).
  1820 | D:5      | Noticed an ice beast
  1821 | D:5      | Killed from afar by a steam dragon

Levels and vault maps discovered:
D:1:      minmay_arrival_pointy, layout_basic
D:2:      layout_loops_ring, nicolae_concentric_dashed_squares_mild
D:3:      layout_basic, grunt_qazlal_sundering,
          shapermc_ecumenical_altar_pompeii, minmay_fractal_squares_5
D:5:      layout_loops_corners, chequers_temple_overflow_statue_of_worship,
          gup_sewer_entry_bubbles, uniq_ijyb
D:6:      layout_basic, okawaru_altar_gauntlet_db, minmay_misc_feat_pillars,
          chequers_serial_rivers_marsh, lemuel_flamethrower_2

Skill      XL: |  1  2  3  4  5 |
---------------+----------------+-----
Ranged Weapons | 6 7 8 9 |  9.2
Fighting       | |  1.5
Armour         | |  0.1
Dodging        | |  2.4
Stealth        | |  1.2

Action                     |  1- 3 |  4- 6 || total
---------------------------+-------+-------++-------
   Fire: Shortbow          |    75 |    32 ||   107
    Use: Scroll            |     5 |     2 ||     7
         Potion            |     1 |       ||     1
 Armour: Leather armour    |     2 |       ||     2
         Scale mail        |       |    18 ||    18
  Dodge: Dodged            |    11 |    20 ||    31

Table legend:
 A = Non-vault XP
 B = Vault XP
 C = Vault XP percentage of total XP
 D = Non-vault monster count
 E = Vault monster count
 F = Vault count percentage of total count
                 A         B        C        D         E       F
            +---------+---------+-------+---------+---------+-------
      Total |     317 |       5 |   1.6 |      39 |       2 |   4.9
            +---------+---------+-------+---------+---------+-------
        D:1 |      21 |       0 |   0.0 |      13 |       0 |   0.0
        D:2 |      50 |       0 |   0.0 |      17 |       0 |   0.0
        D:3 |      19 |       5 |  20.8 |       3 |       2 |  40.0
        D:5 |     224 |       0 |   0.0 |       5 |       0 |   0.0
        D:6 |       3 |       0 |   0.0 |       1 |       0 |   0.0
            +---------+---------+-------+---------+---------+-------
